 Dungeon Crawl Stone Soup version 0.29.0-11-gd7f09526c8 (webtiles) character file.

Game seed: 1770447826152906024

21 greasedhog the Chopper (level 3, -5/33 HPs)
             Began as a Meteoran Berserker on Sept 6, 2022.
             Was a Follower of Trog.
             Splashed by a jelly's acid (6 damage)
             ... on level 3 of the Dungeon.
             The game lasted 00:01:24 (176 turns).

greasedhog the Chopper (Meteoran Berserker)          Turns: 176, Time: 00:01:25

Health: -5/33      AC: -1    Str: 20    XL:     3   Next: 20%
Magic:  4/4        EV: 12    Int:  8    God:    Trog [*.....]
Gold:   0          SH:  0    Dex: 14    Spells: 2/2 levels left

rFire   . . .      SeeInvis .   a - +0 hand axe
rCold   . . .      Faith    .   (no shield)
rNeg    . . .      Spirit   .   b - +0 animal skin
rPois   .          Reflect  .   (no helmet)
rElec   .          Harm     .   (no cloak)
rCorr   .          Rampage  .   (no gloves)
Will    .....                   (no boots)
Stlth   +.........              (no amulet)
HPRegen 0.11/turn               (no ring)
MPRegen 0.09/turn               (no ring)

@: corroded, glowing
A: sense surroundings 1, otherworldly, glowing, explore regen
a: Renounce Religion, Berserk


You were on level 3 of the Dungeon.
You worshipped Trog.
Trog was aware of your devotion.
You visited 1 branch of the dungeon, and saw 4 of its levels.

Inventory:

Hand Weapons
 a - a +0 hand axe (weapon)
Armour
 b - a +0 animal skin (worn)
Scrolls
 c - a scroll of poison {unknown}
Potions
 d - a potion of curing {unknown}
 e - a potion of degeneration {unknown}
 f - a potion of might {unknown}
 g - a potion of heal wounds {unknown}


   Skills:
 * Level 3.9 Fighting
 * Level 4.3 Axes
 - Level 2.4 Armour
 - Level 2.4 Dodging


You had 2 spell levels left.
You didn't know any spells.
Your spell library was empty.

Dungeon Overview and Level Annotations

Branches:
Dungeon (4/15) Zot: 2219
 Temple: D:4-7

Altars:


Innate Abilities, Weirdness & Mutations

You passively map a small area around you.
You are easily found by Zot.
You glow in the dark.
You regain HP and MP as you explore.


Message History

Found a stone staircase leading down.
There is a stone staircase leading up here.
You closely miss the bat. The bat closely misses you.
You hit the bat.
The bat is severely wounded.
You hit the endoplasm. The bat hits you but does no damage.
The endoplasm barely misses you.
You hit the endoplasm.
You kill the endoplasm!
Trog accepts your kill. The bat hits you but does no damage. x2
You barely miss the bat.
The bat is severely wounded.
The bat hits you but does no damage.
You hit the bat.
You kill the bat!
Trog accepts your kill.
There is a stone staircase leading down here.
You climb downwards.
The iguana hisses angrily.
Found a stone staircase leading down.
There is a stone staircase leading up here.
You climb upwards.
There is a stone staircase leading down here.
Found a cyan potion.
A jelly comes into view.
The jelly quivers.
The jelly misses you.
You see here a cyan potion.
You completely miss the jelly. The jelly hits you.
You are splashed with acid!
You barely miss the jelly. The jelly hits you.
You are splashed with acid!
The jelly hits you.
You are splashed with acid.
* * * LOW HITPOINT WARNING * * *
You hit the jelly. The acid corrodes you!
Your hands burn!
* * * LOW HITPOINT WARNING * * *
The jelly is moderately wounded.
The jelly hits you.
* * * LOW HITPOINT WARNING * * *
You are splashed with acid.
You die...

.###### #..##
......#### #...
** *
#####....###.##
* ####......##
** ,** , ,
##...#..## *, ,
#..####..# *
....## ##.# .#.
, * ##..*
#.###..... ###
*#.@....# * ,
#......#J.#.# *
**
##.#####.#..# *
*.. ...# , ,
.#. .## * *
,...# # , , , ,
.. # * * .. * *


You could see a jelly.

Vanquished Creatures
  An adder (D:2)
  An endoplasm (D:3)
  A giant cockroach (D:1)
  A goblin (D:1)
  A hobgoblin (D:2)
  2 jackals (D:1)
  A quokka (D:1)
  2 bats
  2 rats (D:1)
12 creatures vanquished.

Notes
Turn   | Place    | Note
-------+----------+-------------------------------------------
     0 | D:1      | greasedhog the Meteoran Berserker began the quest for the
                  | Orb.
     0 | D:1      | Reached XP level 1. HP: 19/19 MP: 2/2
    28 | D:1      | Reached XP level 2. HP: 6/26 MP: 3/3
    46 | D:1      | Reached skill level 4 in Axes
   117 | D:2      | Reached XP level 3. HP: 19/33 MP: 4/4
   176 | D:3      | HP: 1/33 [jelly (3)]
   176 | D:3      | Splashed by a jelly's acid

Illustrated notes

Levels and vault maps discovered:
D:1:      dpeg_arrival_tiny_d, layout_rooms
D:2:      layout_basic, basic_altar
D:3:      layout_rooms, mainiacjoe_overflow_alcove_4, interstate_on_off,
          nrook_uturn, uniq_sigmund
D:4:      layout_basic, minmay_temple_entry_junction

Skill      XL: |  1  2 |
---------------+-------+-----
Axes           | 4 |  4.3
Fighting       | |  3.9
Armour         | |  2.4
Dodging        | |  2.4

Action                   || total
-------------------------++-------
Melee: Hand axe          ||    37
Armor: Animal skin       ||    13
Dodge: Dodged            ||    26
